 Dungeon Crawl Stone Soup version 0.29.0-4-gdea44cf6ec (webtiles) character file.

Game seed: 7192067825830986773

410 funkygono the Firebug (level 6, -1/32 HPs)
             Began as a Gargoyle Fire Elementalist on Aug 27, 2022.
             Slain by Pikel
             ... wielding a +2 whip of freezing
              (7 damage)
             ... on level 4 of the Dungeon.
             The game lasted 00:08:03 (4251 turns).

funkygono the Firebug (Gargoyle Fire Elementalist)  Turns: 4251, Time: 00:08:04

Health: -1/32      AC:  7    Str: 11    XL:     6   Next: 89%
Magic:  10/11      EV: 11    Int: 18    God:
Gold:   227        SH:  5    Dex: 10    Spells: 5/12 levels left

rFire   . . .      SeeInvis .   r - +1 flail (protect)
rCold   . . .      Faith    .   (no shield)
rNeg    + . .      Spirit   .   e - +0 leather armour
rPois   ∞          Reflect  +   (no helmet)
rElec   +          Harm     .   (no cloak)
rCorr   .          Rampage  .   (no gloves)
Will    .....                   (no boots)
Stlth   ++........              m - amulet of reflection
HPRegen 0.10/turn               j - +4 ring of slaying
MPRegen 0.12/turn               (no ring)

@: no status effects
A: sickness immunity, AC +4, negative energy resistance 1, electricity
resistance, torment resistance 1, petrification resistance
a: no special abilities


You were on level 4 of the Dungeon.
You visited 1 branch of the dungeon, and saw 5 of its levels.

You collected 227 gold pieces.

Inventory:

Hand Weapons
 f - a +1 vampiric whip
 r - a +1 flail of protection (weapon)
Armour
 a - a +0 robe
 e - a +0 leather armour (worn)
 l - a +0 scale mail
Jewellery
 j - a +4 ring of slaying (left hand)
 m - an amulet of reflection (around neck)
Wands
 o - a wand of charming (5)
 p - a wand of digging (5)
Scrolls
 d - 2 scrolls of identify
 g - 3 scrolls of vulnerability
Potions
 b - a potion of magic
 i - a potion of brilliance
 k - 3 potions of attraction


   Skills:
 + Level 0.2 Fighting
 + Level 1.6 Maces & Flails
 + Level 2.4 Armour
 + Level 1.9 Dodging
 + Level 2.8 Stealth
 + Level 0.4 Shields
 + Level 3.8 Spellcasting
 + Level 3.1 Conjurations
 + Level 4.2 Fire Magic


You had 5 spell levels left.
You knew the following spells:

 Your Spells              Type           Power      Damage    Failure   Level
a - Foxfire               Conj/Fire      64%        2x1d7     4%          1
b - Scorch                Fire           36%        2d7       5%          2
c - Flame Wave            Conj/Fire      16%        2d7       38%         4

Your spell library contained the following spells:

 Spells                   Type           Power      Damage    Failure   Level
 Conjure Flame            Conj/Fire      16%        6-21      13%         3
 Inner Flame              Hex/Fire       11%        N/A       26%         3
 Summon Guardian Golem    Hex/Summ       3%         N/A       52%         3
 Orb of Destruction       Conj           7%         9d6       100%        7
 Spellforged Servitor     Conj/Summ      4%         N/A       100%        7


Dungeon Overview and Level Annotations

Branches:
Dungeon (5/15)
 Temple: D:4-7

Altars:
Uskayaw

Annotations:
D:4 Pikel


Innate Abilities, Weirdness & Mutations

You are immune to sickness and miasma.
Your stone body is resilient. (AC +4)
You are immune to poison.
You resist negative energy. (rN+)
You are resistant to electric shocks. (rElec)
You are resistant to unholy torment.
You are immune to petrification.


Message History

Your weapon exudes an aura of protection.
Pikel hits you but does no damage.
You hit Pikel but do no damage. Your punch misses Pikel.
You block Pikel's attack.
Casting: Scorch (safe; 5% risk of failure)
Confirm with . or Enter, or press ? or * to list all spells.
Flames lash the lemure.
The lemure is moderately wounded.
The lemure's fire resistance burns away.
Pikel misses you. The lemure hits you but does no damage.
Unknown command.
You hit Pikel but do no damage.
Pikel zaps a wand.
The puff of flame hits you. The lemure hits you.
Pikel hits you with a +2 whip of freezing!
* * * LOW HITPOINT WARNING * * *
Pikel freezes you.
* * * LOW HITPOINT WARNING * * *
The lemure barely misses you.
Okay, then.
Okay, then.
Okay, then.
The lemure attacks as you move away! The lemure barely misses you.
You feel better.
The lemure is no longer more vulnerable to fire.
Pikel zaps a wand.
The puff of flame hits you but does no damage.
The lemure hits you but does no damage.
Unknown command.
The lemure attacks as you move away! The lemure hits you but does no damage.
Pikel hits you but does no damage. The lemure attacks as you move away!
The lemure misses you.
Pikel says, "You'll make a fine lemure."
Pikel attacks as you move away!
Pikel hits you with a +2 whip of freezing.
* * * LOW HITPOINT WARNING * * *
Pikel freezes you.
* * * LOW HITPOINT WARNING * * *
Pikel attacks as you move away!
Pikel hits you with a +2 whip of freezing!
You die...

###.........#####.#....
#.....##....####..##.<.
###...............##...
###...#.........###...
#....##..........##...
#..#.#)(......#.......
###..5...#..............
###.....K..###............
#.#......@..#...........).
##..........###............
#...........#.#.<......##..
#..........<.....##(.......
###.......#..............##
######.####..##...###.###
### #####.### ### ###


You could see Pikel and a lemure.

Vanquished Creatures
  A black bear (D:4)
  An ogre (D:4)
  A necrophage (D:4)
  A jelly (D:4)
  A hound (D:5)
  3 adders
  2 worms
  2 dart slugs
  2 orcs
  5 bats
  12 endoplasms
  2 giant cockroaches (D:4)
  6 goblins
  7 hobgoblins
  3 jackals (D:4)
  7 kobolds
  5 quokkas
  7 ball pythons
  5 frilled lizards
  4 rats
77 creatures vanquished.

Vanquished Creatures (others)
  186 foxfires
186 creatures vanquished.

Grand Total: 263 creatures vanquished

Notes
Turn   | Place    | Note
-------+----------+-------------------------------------------
     0 | D:1      | funkygono the Gargoyle Fire Elementalist began the quest
                  | for the Orb.
     0 | D:1      | Reached XP level 1. HP: 10/10 MP: 3/3
    78 | D:1      | Reached XP level 2. HP: 14/15 MP: 0/5
    82 | D:1      | Learned a level 2 spell: Scorch
   767 | D:1      | Reached XP level 3. HP: 19/19 MP: 4/6
  2133 | D:3      | Found a faded altar of an unknown god.
  2181 | D:3      | Reached XP level 4. HP: 22/24 MP: 5/8
  2188 | D:3      | Learned a level 4 spell: Flame Wave
  2730 | D:3      | Found a hide-covered altar of Uskayaw.
  3012 | D:4      | Reached skill level 1 in Armour
  3126 | D:4      | Noticed a black bear
  3127 | D:4      | Reached skill level 1 in Maces & Flails
  3127 | D:4      | Reached XP level 5. HP: 28/28 MP: 6/9
  3139 | D:4      | Killed a black bear
  3193 | D:4      | Reached skill level 4 in Fire Magic
  3193 | D:4      | Reached XP level 6. HP: 16/32 MP: 6/11
  3959 | D:5      | Entered Level 5 of the Dungeon
  3961 | D:5      | Noticed Pikel
  4242 | D:4      | HP: 1/32 [Pikel/+2 whip of freezing (2)]
  4251 | D:4      | Slain by Pikel

Illustrated notes

Levels and vault maps discovered:
D:1:      spicycebolla_arrival_xxxplode, layout_basic, serial_corexii_hall,
          chequers_hall_statues_wall_a, corexii_hall_statues_x,
          corexii_hall_statues_i, corexii_hall_statues_x, st_stairs_2
D:2:      layout_loops_ring, kennysheep_generic_room_9
D:3:      layout_basic, nicolae_uskayaw_dance_hall,
          ebering_ecumenical_altar_rust
D:4:      layout_cave_pools
D:5:      layout_cave_pools, mainiacjoe_overflow_alcove_4,
          mainiacjoe_overflow_catwalk_spiral, serial_shops,
          nicolae_shop_waterfront, uniq_pikel, uniq_menkaure

Skill      XL: |  1  2  3  4  5  6 |
---------------+-------------------+-----
Spellcasting   | 3 |  3.8
Armour         | 1 2 |  2.4
Conjurations   | 2 3 |  3.1
Maces & Flails | 1 |  1.6
Fire Magic     | 4 |  4.2
Fighting       | |  0.2
Dodging        | |  1.9
Stealth        | |  2.8
Shields        | |  0.4

Action                   |  1- 3 |  4- 6 || total
-------------------------+-------+-------++-------
Melee: Unarmed           |     2 |       ||     2
       Club              |    37 |     2 ||    39
       Flail             |       |    15 ||    15
       Whip              |       |    13 ||    13
 Cast: Foxfire           |    51 |    55 ||   106
       Scorch            |       |     3 ||     3
  Use: Scroll            |       |    12 ||    12
       Potion            |       |     1 ||     1
 Stab: Sleeping          |     2 |       ||     2
Armor: Leather armour    |    15 |    16 ||    31
Dodge: Dodged            |    22 |    21 ||    43
Block: Other             |     3 |     8 ||    11
